 Dungeon Crawl Stone Soup version 0.21-a0-426-g98080a9 (webtiles) character file.

2263 theanonym the Thaumaturge (level 9, 0/57 HPs)
             Began as a Mummy Ice Elementalist on Nov 6, 2017.
             Was a Believer of Sif Muna.
             Slain by a two-headed ogre
             ... wielding a +0 giant club
              (5 damage)
             ... on level 7 of the Dungeon on Nov 7, 2017.
             The game lasted 00:24:20 (9753 turns).

theanonym the Thaumaturge (Mummy Ice Elementalist)  Turns: 9753, Time: 00:24:21

Health: 0/57       AC:  5    Str: 11    XL:     9   Next: 15%
Magic:  8/21       EV: 12    Int: 18    God:    Sif Muna [**....]
Gold:   470        SH:  0    Dex: 14    Spells: 13/25 levels left

rFire    x . .     SeeInvis .   b - staff of summoning
rCold    + . .     Gourm    .   (no shield)
rNeg     + + +     Faith    .   g - +0 robe
rPois    ∞         Spirit   .   i - +1 helmet
rElec    .         Reflect  .   p - +0 cloak
rCorr    .         Harm     .   (no gloves)
MR       ++...                  (no boots)
Stlth    ++........             (no amulet)
HPRegen  0.19/turn              c - ring of protection from magic
MPRegen  0.17/turn              k - +2 ring of dexterity

@: divine energy
A: no food or potions, fire vulnerability, cold resistance 1, negative energy
resistance 3, torment resistance, unbreathing
a: Stop Divine Energy, Renounce Religion


Innate Abilities, Weirdness & Mutations

You do not eat or drink.
Your flesh is vulnerable to fire.
You are immune to poison.
Your flesh is cold resistant. (rC+)
You are immune to negative energy. (rN+++)
You are immune to unholy pain and torment.
You can survive without breathing.


   Skills:
 - Level 1.5 Dodging
 - Level 1.5 Stealth
 + Level 8.7 Spellcasting
 - Level 0.7 Conjurations
 - Level 6.0 Summonings
 + Level 6.3 Ice Magic


You had 13 spell levels left.
You knew the following spells:

 Your Spells              Type           Power        Failure   Level  Hunger
a - Freeze                Ice            ####         1%          1    N/A
b - Throw Icicle          Conj/Ice       ###.....     22%         4    N/A
c - Summon Ice Beast      Ice/Summ       #####...     7%          4    N/A
g - Ozocubu's Armour      Chrm/Ice       ###.....     8%          3    N/A

Skill      XL: |  1  2  3  4  5  6  7  8  9 |
---------------+----------------------------+-----
Spellcasting   | 3 4 5 6 8 |  8.7
Ice Magic      | 3 4 5 6 |  6.3
Summonings     | 1 2 4 5 6 |  6.0
Dodging        | |  1.5
Stealth        | |  1.5
Conjurations   | |  0.7

Action                   |  1- 3 |  4- 6 |  7- 9 || total
-------------------------+-------+-------+-------++-------
Melee: Unarmed           |     4 |       |       ||     4
       Dagger            |       |    38 |   145 ||   183
       Staff             |       |       |     3 ||     3
 Cast: Freeze            |    69 |    72 |   116 ||   257
       Ozocubu's Armour  |       |     9 |     8 ||    17
       Summon Ice Beast  |       |     8 |    14 ||    22
       Throw Icicle      |       |       |     1 ||     1
Invok: Divine Energy     |       |       |     1 ||     1
  Use: Scroll            |       |     6 |     3 ||     9
 Stab: Sleeping          |       |       |     1 ||     1
       Distracted        |       |       |     1 ||     1
Armor: Robe              |    10 |    25 |   103 ||   138
Dodge: Dodged            |    35 |    79 |   166 ||   280

Inventory:

Hand Weapons
 a - a +1 dagger of protection
   (You took it off Dowan on level 6 of the Dungeon)
Armour
 g - a +0 robe (worn)
 i - a +1 helmet (worn)
   (You found it on level 3 of the Dungeon)
 p - a +0 cloak (worn)
   (You found it on level 5 of the Dungeon)
Magical Staves
 b - an uncursed staff of summoning (weapon)
   (You found it on level 2 of the Dungeon)
Jewellery
 c - a ring of protection from magic (left hand)
   (You found it on level 1 of the Dungeon)
 k - a +2 ring of dexterity (right hand)
   (You found it on level 3 of the Dungeon)
 q - an uncursed ring of see invisible
   (You found it on level 6 of the Dungeon)
Wands
 m - a wand of polymorph (20/24)
   (You found it on level 4 of the Dungeon)
 n - a wand of polymorph (13/24)
   (You found it on level 4 of the Dungeon)
Scrolls
 d - a scroll of fog {!r}
 e - 2 scrolls of blinking
 f - a scroll of teleportation {!r}
 j - 4 scrolls of remove curse
 l - a scroll of enchant weapon
 o - a scroll of enchant armour {unknown}
 r - a scroll of identify
 t - a scroll of fear {unknown}
Books
 h - a book of Frost

   Spells                             Type                      Level
   a - Freeze                         Ice                          1
   b - Throw Frost                    Conjuration/Ice              2
   c - Ozocubu's Armour               Charms/Ice                   3
   d - Throw Icicle                   Conjuration/Ice              4
   e - Summon Ice Beast               Ice/Summoning                4
 s - a book of Conjurations
   (You found it on level 7 of the Dungeon)

   Spells                             Type                      Level
   a - Magic Dart                     Conjuration                  1
   b - Searing Ray                    Conjuration                  2
   c - Dazzling Spray                 Conjuration/Hexes            3
   d - Fulminant Prism                Conjuration/Hexes            4
   e - Force Lance                    Conjuration/Translocation    4
   f - Iskenderun's Mystic Blast      Conjuration                  4

Dungeon Overview and Level Annotations

Branches:
Dungeon (7/15)             Temple (1/1) D:5

Altars:
Ashenzari
Cheibriados
Dithmenos
Elyvilon
Fedhas
Gozag
Hepliaklqana
Kikubaaqudgha
Makhleb
Nemelex Xobeh
Okawaru
Qazlal
Ru
Sif Muna
Trog
Uskayaw
Vehumet
Wu Jian
Xom
Yredelemnul
Zin

Annotations:
D:5 exclusions: centaur, giant cockroach, orc and slave


You were on level 7 of the Dungeon.
You worshipped Sif Muna.
Sif Muna was pleased with you.
You were not hungry.

You visited 2 branches of the dungeon, and saw 8 of its levels.

You collected 470 gold pieces.


Message History

A bullfrog comes into view.
The adder hisses angrily.
The bullfrog croaks.
The bullfrog snags a nearby mouse with its tongue.
A film of ice covers your body! The adder barely misses you.
You now have 18/21 mp.
Aim: an adder You freeze the adder.
The adder completely misses you. The bullfrog hits you.
You take 2 damage, and have 55/57 hp.
You now have 17/21 mp.
Aim: an adder (moderately wounded)
You freeze the adder.
The adder seems to slow down.
The bullfrog barely misses you. The adder bites you.
You take 2 damage, and have 53/57 hp.
You now have 16/21 mp.
Aim: an adder (almost dead, slow)
You freeze the adder.
You kill the adder!
Sif Muna accepts your kill. The bullfrog closely misses you.
The bullfrog hits you.
You take 1 damage, and have 52/57 hp.
You now have 15/21 mp.
Aim: a bullfrog You freeze the bullfrog.
The bullfrog misses you.
You now have 14/21 mp.
Aim: a bullfrog (heavily wounded)
You freeze the bullfrog. The bullfrog completely misses you.
The bullfrog hits you but does no damage.
Aim: a bullfrog (severely wounded)
You freeze the bullfrog.
The bullfrog seems to slow down.
The bullfrog hits you.
You take 1 damage, and have 51/57 hp.
You now have 13/21 mp.
Aim: a bullfrog (almost dead, slow)
You freeze the bullfrog.
You kill the bullfrog!
Sif Muna accepts your kill.
You now have 12/21 mp.
Your icy armour starts to melt.
A two-headed ogre comes into view. It is wielding two giant clubs.
Health restored: 57 You regained 6 mp, and now have 18/21 mp.
Unknown command.
You feel a surge of power! A chill wind blows around you.
You now have 14/21 mp.
Okay, then.
Unknown command.
Unknown command.
You can't see any susceptible monsters within range! (Use Z to cast anyway.)
What are your orders? t - Shout!
Orders for allies: a - Attack new target. r - Retreat! s - Stop attacking. g - Guard the area. f - Follow me.
Anything else - Cancel.
Gang up on whom?
Aim: a two-headed ogre, wielding two giant clubs Attack!
Your icy armour evaporates.
You feel a surge of power! A chill wind blows around you.
The two-headed ogre hits your ice beast with a giant club!
The two-headed ogre barely misses your ice beast.
You now have 11/21 mp.
What are your orders? t - Shout!
Orders for allies: a - Attack new target. p - Attack previous target. r - Retreat! s - Stop attacking. g - Guard the area. f - Follow me.
Anything else - Cancel.
Gang up on whom?
Aim: a two-headed ogre, wielding two giant clubs Attack!
Your ice beast hits the two-headed ogre but does no damage.
The two-headed ogre hits your ice beast with a giant club!!
Your ice beast dies!
A hound comes into view.
Your ice beast barely misses the two-headed ogre.
Your ice beast hits the two-headed ogre but does no damage.
The hound bites your ice beast.
Your ice beast hits the hound.
Your ice beast freezes the hound!
The hound dies!
Sif Muna accepts your kill.
There is an open door here.
You feel a surge of power! A chill wind blows around you.
* * * LOW MAGIC WARNING * * *
The two-headed ogre barely misses your ice beast.
The two-headed ogre hits your ice beast with a giant club!!
Your ice beast hits the two-headed ogre but does no damage.
You now have 8/21 mp.
Your ice beast closely misses the two-headed ogre.
Your ice beast hits the two-headed ogre.
Your ice beast freezes the two-headed ogre!
Aim: a two-headed ogre, wielding two giant clubs (moderately wounded)
You freeze the two-headed ogre.
* * * LOW MAGIC WARNING * * *
The two-headed ogre hits you with a giant club!!
Ouch! That really hurt!
* * * LOW HITPOINT WARNING * * *
The two-headed ogre hits you but does no damage.
Your ice beast hits the two-headed ogre but does no damage. x2
You take 33 damage, and have 24/57 hp.
MASSIVE DAMAGE!!
The two-headed ogre hits you with a giant club!!
* * * LOW HITPOINT WARNING * * *
The two-headed ogre hits you with a giant club.
You die...

..######.########+###.......
#.....#.##.#...........####
#.....#....'...........#
#.....#....#...........#
#.†...#...<#...........#
#.....#....#...........#
#.....'.Y..#...........#
#...).#.YO.#...........#
#...†.####@#...........#
####... #.###......####
#.... #.. #......#
#.....#...#......#
#.###.#...#......# #.
.#...#......# +.
#...#......# +!..#......#
#......#


You could see a two-headed ogre and 2 friendly ice beasts.

Notes
Turn   | Place    | Note
-------+----------+-------------------------------------------
     0 | D:1      | theanonym the Mummy Ice Elementalist began the quest for the Orb.
     0 | D:1      | Reached XP level 1. HP: 13/13 MP: 4/4
    42 | D:1      | Reached skill level 3 in Spellcasting
   241 | D:1      | Reached XP level 2. HP: 19/19 MP: 4/6
   772 | D:1      | Reached skill level 3 in Ice Magic
   977 | D:1      | You fall through a shaft!
   986 | D:2      | Reached XP level 3. HP: 20/24 MP: 2/8
  1046 | D:2      | Learned a level 3 spell: Ozocubu's Armour
  1133 | D:2      | HP: 8/24 [worm (11)]
  1385 | D:2      | Reached skill level 4 in Spellcasting
  1828 | D:2      | Noticed Terence
  1835 | D:2      | Killed Terence
  1835 | D:2      | Reached XP level 4. HP: 24/30 MP: 3/10
  2844 | D:3      | Learned a level 4 spell: Summon Ice Beast
  3053 | D:3      | Found a runed door.
  3698 | D:3      | Noticed Crazy Yiuf
  3705 | D:3      | Killed Crazy Yiuf
  3705 | D:3      | Reached XP level 5. HP: 28/35 MP: 7/12
  3778 | D:4      | Reached skill level 5 in Spellcasting
  3778 | D:4      | Reached skill level 1 in Summonings
  3983 | D:4      | Reached skill level 4 in Ice Magic
  4177 | D:4      | Reached XP level 6. HP: 32/41 MP: 9/14
  4299 | D:4      | Noticed mastercheaf21's ghost (amateur MiBe)
  4312 | D:4      | HP: 18/41 [mastercheaf21's ghost (10)]
  4318 | D:4      | HP: 6/41 [mastercheaf21's ghost (13)]
  4353 | D:4      | HP: 1/41 [mastercheaf21's ghost (9)]
  5075 | D:4      | Killed mastercheaf21's ghost
  5075 | D:4      | Reached skill level 2 in Summonings
  5306 | D:5      | Entered Level 5 of the Dungeon
  5306 | D:5      | Found a staircase to the Ecumenical Temple.
  5528 | D:4      | Learned a level 4 spell: Throw Icicle
  5535 | D:5      | HP: 14/41 [centaur/arrow (10)]
  5779 | D:5      | Reached skill level 6 in Spellcasting
  5790 | Temple   | Entered the Ecumenical Temple
  6085 | Temple   | Became a worshipper of Sif Muna the Loreminder
  6132 | D:5      | Noticed a water moccasin
  6150 | D:5      | Killed a water moccasin
  6150 | D:5      | Reached XP level 7. HP: 37/46 MP: 7/16
  6156 | D:5      | Reached skill level 3 in Summonings
  6258 | D:5      | Noticed Menkaure
  6274 | D:5      | Killed Menkaure
  6859 | D:5      | Reached skill level 5 in Ice Magic
  6998 | D:5      | Found an ancient bone altar of Kikubaaqudgha.
  7005 | D:5      | Reached * piety under Sif Muna
  7645 | D:5      | Reached skill level 4 in Summonings
  7885 | D:6      | Noticed Duvessa
  7893 | D:6      | Reached XP level 8. HP: 52/52 MP: 9/18
  7897 | D:6      | Reached skill level 7 in Spellcasting
  7900 | D:6      | Killed Duvessa
  7921 | D:6      | Noticed Dowan
  7927 | D:6      | Killed Dowan
  8773 | D:7      | Reached ** piety under Sif Muna
  8773 | D:7      | Reached skill level 5 in Summonings
  8794 | D:7      | HP: 26/52 [yak (3)]
  8802 | D:7      | Reached skill level 8 in Spellcasting
  9206 | D:7      | Reached skill level 6 in Ice Magic
  9306 | D:7      | Reached XP level 9. HP: 49/57 MP: 10/21
  9313 | D:7      | Reached skill level 6 in Summonings
  9737 | D:7      | Noticed a two-headed ogre
  9751 | D:7      | HP: 24/57 [two-headed ogre/giant club (33)]
  9753 | D:7      | HP: 5/57 [two-headed ogre/giant club (19)]
  9753 | D:7      | Slain by a two-headed ogre

Vanquished Creatures
  2 yaks (D:7)
  The ghost of mastercheaf21 the Cudgeler, an amateur MiBe of Trog (D:4)
  Duvessa (D:6)
  2 ogres
  2 bullfrogs
  2 scorpions
  A wight (D:7)
  A vampire bat (D:5)
  6 howler monkeys (D:7)
  2 crimson imps
  A bullfrog zombie (D:6)
  A jelly (D:5)
  Crazy Yiuf (D:3)
  2 iguanas (D:7)
  An orc wizard (D:4)
  4 worker ants
  Terence (D:2)
  A hound zombie (D:7)
  A worker ant zombie (D:5)
  7 adders
  A shadow imp (D:7)
  An adder zombie (D:7)
  4 adder skeletons
  A worm (D:2)
  3 dart slugs
  3 leopard geckos
  7 orcs (D:4)
  11 bats
  5 bat skeletons (D:5)
  A bat zombie (D:5)
  2 giant cockroaches
  6 goblins
  12 hobgoblins
  4 jackals (D:6)
  7 kobolds
  2 quokkas
  2 ball pythons
  2 frilled lizards
  A quokka skeleton (D:4)
  4 rats (D:1)
119 creatures vanquished.

Vanquished Creatures (collateral kills)
  2 yaks (D:7)
  Menkaure (D:5)
  A water moccasin (D:5)
  A centaur (D:5)
  3 ogres
  Dowan (D:6)
  2 wights (D:7)
  A hound (D:7)
  2 orc priests
  2 orc wizards
  A hound skeleton (D:5)
  An orc (D:5)
18 creatures vanquished.

Vanquished Creatures (others)
  2 plants (D:4)
2 creatures vanquished.

Grand Total: 139 creatures vanquished
